 Dungeon Crawl Stone Soup version 0.31-a0-167-g1c394c0614 (webtiles) character file.

Game seed: 7588462729439460031

997 Pooter the Ruffian (level 7, 0/68 HPs)
             Began as a Troll Hunter on June 15, 2023.
             Was a Follower of Okawaru.
             Slain by Edmund
             ... wielding a +5 heavy flail
              (18 damage)
             ... on level 5 of the Dungeon.
             The game lasted 00:16:01 (4157 turns).

Pooter the Ruffian (Troll Hunter)                   Turns: 4157, Time: 00:16:01

Health: 0/68       AC:  4    Str: 20    XL:     7   Next: 99%
Magic:  6/15       EV: 10    Int:  5    God:    Okawaru [*.....]
Gold:   243        SH:  0    Dex: 15    Spells: 6/6 levels left

rFire   . .          .
                       - Unarmed
rCold   . . .        (no shield)
rNeg    . . .        c - +0 robe
rPois   .            (helmet restricted)
rElec   .            (no cloak)
rCorr   +            (gloves unavailable)
SInv    .            (boots unavailable)
Will    .....        (no amulet)
Stlth   +            C - ring of resist corrosion
HPRegen 1.11/turn    o - ring of magical power
MPRegen 0.14/turn

%: no passive effects
@: no status effects
A: large, unfitting armour, claws 3, regeneration 1, shaggy fur 1, tough skin 1
a: Renounce Religion, Heroism


You were on level 5 of the Dungeon.
You worshipped Okawaru.
Okawaru was aware of your devotion.
You visited 2 branches of the dungeon, and saw 6 of its levels.

You collected 243 gold pieces.

Inventory:

Hand Weapons
 b - the +6 sling of Has Puim {antimagic, Dex+4}
   (You found it on level 4 of the Dungeon)

   Dex:       It affects your dexterity (+4).
 f - a +0 orcbow
   (You took it off a centaur on level 5 of the Dungeon)
 i - a +1 hand axe of holy wrath
   (You took it off an orc on level 3 of the Dungeon)
 k - a +0 sling of flaming
   (You took it off a goblin on level 2 of the Dungeon)
Missiles
 q - 4 boomerangs (quivered)
 Q - 47 stones
Armour
 c - a +0 robe (worn)
Jewellery
 o - a ring of magical power (right claw)
   (You found it on level 4 of the Dungeon)
 C - a ring of resist corrosion (left claw)
   (You found it on level 1 of the Dungeon)
Scrolls
 d - a scroll of amnesia
 e - 2 scrolls of immolation {!r}
 g - a scroll of silence {unknown}
 l - a scroll of summoning {unknown}
 m - a scroll of poison {unknown}
 n - a scroll of enchant armour {unknown}
 p - 3 scrolls of blinking {unknown}
 r - a scroll of teleportation {unknown}
 B - a scroll of butterflies
Potions
 a - 2 potions of ambrosia {unknown}
 h - 3 potions of enlightenment
 s - a potion of mutation {unknown}
Miscellaneous
 j - a phial of floods
   (You found it on level 5 of the Dungeon)


   Skills:
 + Level 3.6 Fighting
 * Level 4.9 Ranged Weapons
 - Level 1.5 Dodging
 - Level 0.3 Stealth
 * Level 5.6 Unarmed Combat


You had 6 spell levels left.
You didn't know any spells.
Your spell library was empty.

Dungeon Overview and Level Annotations

Branches:
Dungeon (5/15)             Temple (1/1) D:4

Altars:
Hepliaklqana
Okawaru
Trog

Annotations:
D:5 4 runed translucent doors, Edmund


Innate Abilities, Weirdness & Mutations

You are too large for most types of armour.
You have claws for hands.
Your natural rate of healing is unusually fast.
You are covered in fur. (AC +1)
You have tough skin. (AC +1)


Message History

You see here an iguana corpse.
Found a mace.
You see here a +0 mace.
Found a stone staircase leading down.
Found a stone staircase leading up.
Found a stone staircase leading down.
There is a stone staircase leading down here.
Found a stone staircase leading down.
Found an escape hatch in the ceiling.
An iguana comes into view.
Found 6 gold pieces.
The iguana hisses angrily.
You shoot a sling bullet.
The sling bullet closely misses the iguana.
You shoot a sling bullet.
The sling bullet barely misses the iguana.
You shoot a sling bullet. The sling bullet hits the iguana!
You feel magic returning to you.
You are now empty-clawed.
You barely miss the iguana. The iguana bites you.
You closely miss the iguana.
The iguana bites you but does no damage.
You scratch the iguana. The iguana closely misses you.
You barely miss the iguana. The iguana bites you.
You claw the iguana!
You kill the iguana!
Okawaru accepts your kill.
Found 19 gold pieces.
You now have 224 gold pieces (gained 6).
Found 4 poisoned darts.
You now have 243 gold pieces (gained 19).
Edmund the Younger comes into view.
He is wielding a +5 heavy flail.
You feel agile.
You feel magic leave you.
b - the +6 sling of Has Puim (weapon)
{antimagic, Dex+4} Edmund shouts!
You shoot a sling bullet. The sling bullet hits Edmund.
You shoot a sling bullet.
The sling bullet hits Edmund but does no damage.
You feel magic returning to you.
You are now empty-clawed.
Edmund closely misses you.
You barely miss Edmund. You closely miss Edmund.
Edmund hits you with a +5 heavy flail!!
You scratch Edmund. You closely miss Edmund.
Edmund hits you with a +5 heavy flail!
You claw Edmund!
Edmund drinks a potion.
Edmund is healed!
You scratch Edmund. Edmund hits you with a +5 heavy flail!!
* * * LOW HITPOINT WARNING * * *
You scratch Edmund but do no damage. You scratch Edmund.
Edmund hits you with a +5 heavy flail!!
You die...

####....###.#...........##.#
............#..####........#
#.#.#.#..#..# #...#.#..#.
#.......<#..## #........#.
#.#.#.#....... #.#.#.#.##.
#........#.### #.#.....##.
#.#.#.#..#.# #...#.####.
#........#.### ###.#.# #.
#......#.@...# #.#.# #.
#####..###@#(# #.#.# #. #..#
.# #.#.##### #..# .#
#.#...... #... .. #.#######
#.... .# #<# ######## ..
....


You could see Edmund.

Vanquished Creatures
  A black bear (D:4)
  An orc warrior (D:5)
  A centaur (D:5)
  An ogre (D:4)
  2 scorpions (D:5)
  A jelly (D:4)
  An orc priest (D:4)
  2 hounds
  4 iguanas (D:5)
  A sleepcap (D:4)
  2 orc wizards
  8 gnolls
  5 adders
  A white imp (D:5)
  An ufetubus (D:4)
  A dart slug (D:2)
  8 orcs
  3 bats
  7 endoplasms
  A giant cockroach (D:3)
  7 goblins
  3 hobgoblins
  4 jackals (D:4)
  A quokka (D:3)
  2 training dummies (D:4)
  3 ball pythons
  6 frilled lizards
  4 kobolds
  5 rats
87 creatures vanquished.

Notes
Turn   | Place    | Note
-------+----------+-------------------------------------------
     0 | D:1      | Pooter the Troll Hunter began the quest for the Orb.
     0 | D:1      | Reached XP level 1. HP: 19/19 MP: 0/0
   168 | D:1      | Reached XP level 2. HP: 28/28 MP: 1/1
   171 | D:1      | Reached skill level 1 in Unarmed Combat
   735 | D:2      | Reached XP level 3. HP: 35/35 MP: 2/2
   774 | D:2      | Reached skill level 2 in Unarmed Combat
   776 | D:2      | Reached XP level 4. HP: 30/42 MP: 3/3
  2079 | D:4      | Reached XP level 5. HP: 48/50 MP: 4/4
  2180 | D:4      | Reached skill level 3 in Unarmed Combat
  2652 | D:4      | Reached XP level 6. HP: 57/59 MP: 5/5
  2676 | D:4      | Reached skill level 4 in Unarmed Combat
  2801 | D:4      | Identified the +6 sling of Has Puim {antimagic, Dex+4}
  2910 | D:4      | Reached XP level 7. HP: 62/67 MP: 5/6
  3282 | D:4      | Found a staircase to the Ecumenical Temple.
  3287 | Temple   | Entered the Ecumenical Temple
  3306 | Temple   | Became a worshipper of Warmaster Okawaru
  3397 | D:5      | Entered Level 5 of the Dungeon
  3458 | D:5      | Found a large runed translucent door.
  3458 | D:5      | Found a large runed translucent door.
  3465 | D:5      | Noticed a two-headed ogre
  3511 | D:5      | Reached skill level 5 in Unarmed Combat
  3517 | D:5      | Reached * piety under Okawaru
  3603 | D:5      | Found a large runed translucent door.
  3603 | D:5      | Found a large runed translucent door.
  4145 | D:5      | Noticed Edmund
  4157 | D:5      | Slain by Edmund

Illustrated notes

Levels and vault maps discovered:
D:1:      minmay_arrival_five_plusses, layout_rooms
D:2:      layout_basic, serial_rivers, chequers_serial_rivers_small_3,
          chequers_serial_rivers_room_b, chequers_serial_rivers_small_a,
          chequers_serial_rivers_small_a, chequers_serial_rivers_small_3
D:3:      layout_loops_ring
D:4:      dreamdust_elfheim, layout_gridville, minmay_temple_entry_nine_rooms,
          minmay_close_crescents
D:5:      layout_loops_ring, serial_glass, glass_columns_b, glass_columns_b,
          minivault_5, hangedman_abyss_or_decor_passed,
          minmay_hollow_rounded_squares, uniq_edmund
Temple:   nicolae_temple_slightly_damp_pantheon

Skill      XL: |  1  2  3  4  5  6  7 |
---------------+----------------------+-----
Unarmed Combat | 1 2 3 4 5 |  5.6
Ranged Weapons | 3 4 |  4.9
Fighting       | 2 3 |  3.6
Dodging        | |  1.5
Stealth        | |  0.3

Action                     |  1- 3 |  4- 6 |  7- 9 || total
---------------------------+-------+-------+-------++-------
  Melee: Unarmed           |    14 |    69 |    64 ||   147
         Punch             |     1 |     2 |     3 ||     6
   Fire: Shortbow          |    43 |   103 |       ||   146
         Sling             |       |     7 |    18 ||    25
    Use: Scroll            |       |     4 |       ||     4
         Potion            |       |     2 |     3 ||     5
 Armour: Robe              |    11 |    19 |    17 ||    47
         Skin              |       |    38 |       ||    38
  Dodge: Dodged            |     8 |    33 |    42 ||    83

Table legend: (Time is in decaauts)
 A = Elapsed time spent in this place.
 B = Non-inter-level travel time spent in this place.
 C = Inter-level travel time spent in this place.
 D = Time resting spent in this place.
 E = Time spent auto-exploring this place.
 F = Levels seen in this place.
 G = Mean time per level.
                   A        B        C        D        E       F      G
               +--------+--------+--------+--------+--------+-----+--------+
         Total |   4154 |   4052 |    102 |    731 |   2622 |   6 |  692.3 |
       Dungeon |   4124 |   4022 |    102 |    731 |   2614 |   5 |  824.8 |
        Temple |     29 |     29 |      0 |      0 |      8 |   1 |   29.0 |
               +--------+--------+--------+--------+--------+-----+--------+

Top non-repeatable levels by time:
     D:4: 1330 daAuts
     D:2: 951 daAuts
     D:5: 751 daAuts
     D:3: 629 daAuts
     D:1: 462 daAuts
  Temple: 29 daAuts
